 Dungeon Crawl Stone Soup version 0.26-a0-639-g72c4674329 (webtiles) character file.

Game seed: 11408934728032736961

11 Flugslaktarn the Skirmisher (level 2, -2/27 HPs)
             Began as a Minotaur Fighter on Sept 23, 2020.
             Killed by divine providence
             ... invoked by an orc priest
              (13 damage)
             ... on level 4 of the Dungeon.
             The game lasted 00:00:08 (98 turns).

Flugslaktarn the Skirmisher (Minotaur Fighter)        Turns: 98, Time: 00:00:08

Health: -2/27      AC:  7    Str: 20    XL:     2   Next: 17%
Magic:  1/1        EV:  7    Int:  5    God:
Gold:   0          SH:  9    Dex:  9    Spells: 1/1 levels left

rFire    . . .     SeeInvis .   a - +0 war axe
rCold    . . .     Faith    .   c - +0 kite shield
rNeg     . . .     Spirit   .   b - +0 scale mail
rPois    .         Reflect  .   (helmet restricted)
rElec    .         Harm     .   (no cloak)
rCorr    .         Rampage  .   (no gloves)
MR       .....                  (no boots)
Stlth    ..........             (no amulet)
HPRegen  0.09/turn              (no ring)
MPRegen  0.07/turn              (no ring)

@: slowed, very slow
A: retaliatory headbutt, horns 2
a: no special abilities


You were on level 4 of the Dungeon.
You visited 1 branch of the dungeon, and saw 4 of its levels.

Inventory:

Hand Weapons
 a - a +0 war axe (weapon)
Armour
 b - a +0 scale mail (worn)
 c - a +0 kite shield (worn)
Potions
 d - a potion of might


   Skills:
 * Level 4.0 Fighting
 * Level 2.9 Axes
 + Level 3.7 Armour
 + Level 3.7 Shields


You had one spell level left.
You didn't know any spells.
Your spell library was empty.

Dungeon Overview and Level Annotations

Branches:
Dungeon (4/15)
 Temple: D:4-7

Altars:


Innate Abilities, Weirdness & Mutations

You reflexively headbutt those who attack you in melee.
You have a pair of horns on your head.


Message History

A ball python comes into view.
The orc priest looks encouraged for a moment.
The orc barely misses you.
You barely miss the orc.
The orc priest looks satisfied for a moment.
The orc wizard mumbles some strange words.
The orc wizard seems to speed up.
The orc barely misses you.
You slash the orc!
You kill the orc!
Your Fighting skill increases to level 4!
The orc priest mumbles some strange prayers to Beogh against you.
Beogh smites you! The orc wizard closely misses you. You furiously retaliate!
You headbutt the orc wizard. You block the orc wizard's attack.
You hit the orc wizard.
The orc wizard is almost dead.
The orc wizard casts a spell at you.
You feel yourself slow down.
The orc priest invokes the aid of Beogh against you.
Beogh smites you!
You die...

.... .#
...#######.#
#.........##
#.........
#.......#
#...<...#
#<# #.# #@#
#o#


#So ##o# .. ##. . # You could see an orc priest, an orc wizard (fast), an orc
and a ball python.

Vanquished Creatures
  An ooze (D:1)
  An orc (D:4)
  A goblin (D:2)
  2 bats
  2 frilled lizards
7 creatures vanquished.

Notes
Turn   | Place    | Note
-------+----------+-------------------------------------------
     0 | D:1      | Flugslaktarn the Minotaur Fighter began the quest for the
                  | Orb.
     0 | D:1      | Reached XP level 1. HP: 19/19 MP: 0/0
    64 | D:2      | Reached XP level 2. HP: 27/27 MP: 1/1
    97 | D:4      | Reached skill level 4 in Fighting
    98 | D:4      | Killed from afar by an orc priest

Illustrated notes

Levels and vault maps discovered:
D:1:      evilmike_arrival_crescent, layout_loops_corners
D:2:      layout_basic
D:3:      layout_loops_cross, gammafunk_ghost_nasty_kobolds
D:4:      layout_rooms, yredelemnul_forgotten_temple_becter

Skill      XL: |  1  2 |
---------------+-------+-----
Fighting       | 4 |  4.0
Axes           | |  2.9
Armour         | |  3.7
Shields        | |  3.7

Action                   || total
-------------------------++-------
Melee: War axe           ||    23
       Headbutt          ||     5
Armor: Scale mail        ||     6
Dodge: Dodged            ||    12
Block: Kite shield       ||     7

Table legend: (Time is in decaauts)
 A = Elapsed time spent in this place.
 B = Non-inter-level travel time spent in this place.
 C = Inter-level travel time spent in this place.
 D = Time resting spent in this place.
 E = Time spent auto-exploring this place.
 F = Levels seen in this place.
 G = Mean time per level.
                   A        B        C        D        E       F      G
               +--------+--------+--------+--------+--------+-----+--------+
         Total |    107 |     76 |     31 |      0 |     25 |   4 |   26.8 |
       Dungeon |    107 |     76 |     31 |      0 |     25 |   4 |   26.8 |
               +--------+--------+--------+--------+--------+-----+--------+

Top non-repeatable levels by time:
     D:1: 57 daAuts
     D:2: 26 daAuts
     D:3: 12 daAuts
     D:4: 10 daAuts
